 Dungeon Crawl Stone Soup version 0.29-a0-222-g5b244fca1f (webtiles) character file.

Game seed: 7041752181790387599

118 jlumianski the Chopper (level 4, -4/34 HPs)
             Began as a Demonspawn Gladiator on Feb 27, 2022.
             Killed by divine providence
             ... invoked by an orc priest
              (8 damage)
             ... on level 3 of the Dungeon.
             The game lasted 00:10:14 (2748 turns).

jlumianski the Chopper (Demonspawn Gladiator)       Turns: 2748, Time: 00:10:15

Health: -4/34      AC: 12    Str: 16    XL:     4   Next: 72%
Magic:  4/4        EV:  7    Int: 10    God:
Gold:   187        SH:  0    Dex: 16    Spells: 3/3 levels left

rFire   . . .      SeeInvis .   m - +8 long sword "Remoecweth" {venom, Drain Will+ Dex+2}
rCold   . . .      Faith    .   (no shield)
rNeg    . . .      Spirit   .   r - +0 chain mail
rPois   .          Reflect  .   (helmet restricted)
rElec   .          Harm     .   (no cloak)
rCorr   .          Rampage  .   q - +0 pair of gloves
Will    ++...                   (no boots)
Stlth   ..........              (no amulet)
HPRegen 0.11/turn               i - ring of willpower
MPRegen 0.09/turn               (no ring)

@: no status effects
A: antennae 1, molten scales 2
a: no special abilities


You were on level 3 of the Dungeon.
You visited 1 branch of the dungeon, and saw 3 of its levels.

You collected 187 gold pieces.

Inventory:

Hand Weapons
 a - a +0 war axe
 g - a +2 dagger of speed
 j - a +0 battleaxe
 m - the +8 long sword "Remoecweth" (weapon) {venom, Drain Will+ Dex+2}
   (You found it on level 2 of the Dungeon)

   It poisons the flesh of those it strikes.
   Dex:       It affects your dexterity (+2).
   Drain:     It drains your maximum health when unequipped.
   Will:      It increases your willpower.
Missiles
 d - 3 throwing nets (quivered)
 h - 120 stones
Armour
 b - a +0 leather armour
 c - a +0 helmet
 q - a +0 pair of gloves (worn)
 r - a +0 chain mail (worn)
Jewellery
 i - a ring of willpower (left hand)
Scrolls
 f - a scroll of vulnerability
 k - 2 scrolls of magic mapping
 o - a scroll of identify
Potions
 e - a potion of mutation
 l - a potion of haste
 n - 2 potions of lignification
 p - 2 potions of curing
 s - a potion of flight {unknown}


   Skills:
 + Level 2.8 Fighting
 * Level 1.1 Long Blades
 - Level 3.7 Axes
 + Level 1.8 Throwing
 + Level 1.2 Armour
 + Level 3.1 Dodging
 + Level 0.4 Stealth


You had 3 spell levels left.
You didn't know any spells.
Your spell library contained the following spells:

 Spells                   Type           Power      Damage    Failure   Level
 Animate Skeleton         Necr           0%         N/A       100%        1
 Apportation              Tloc           0%         N/A       100%        1
 Beastly Appendage        Tmut           0%         N/A       100%        1
 Foxfire                  Conj/Fire      0%         2x1d4     100%        1
 Summon Small Mammal      Summ           0%         N/A       100%        1
 Wereblood                Tmut           0%         N/A       100%        2
 Conjure Flame            Conj/Fire      0%         6-21      100%        3
 Inner Flame              Hex/Fire       0%         N/A       100%        3
 Spider Form              Tmut/Pois      0%         N/A       100%        3
 Flame Wave               Conj/Fire      0%         2d4       100%        4


Dungeon Overview and Level Annotations

Branches:
Dungeon (3/15)

Altars:
Dithmenos

Shops:
D:1 =   D:2 (


Innate Abilities, Weirdness & Mutations

You have a pair of small antennae on your head.
You are mostly covered in molten scales. (AC +3)


Message History

h - 120 stones (gained 12)
You now have 174 gold pieces (gained 12).
You now have 187 gold pieces (gained 13).
You open the door.
There is an open door here.
You sense a monster nearby.
You open the door. 3 orcs and an orc priest come into view.
An orc is wielding a +2 short sword of electrocution.
The orc shouts! x3; The orc priest shouts!
You hear a shout!
The orc priest moves out of view.
Found 10 gold pieces.
You slash the orc!
You kill the orc!
A kobold comes into view. It is wielding a +0 short sword.
A quokka comes into view.
Found a long smoking staff.
The quokka bites you but does no damage.
The quokka bites you. The quokka barely misses you.
Found a stone staircase leading down.
You closely miss the quokka.
The quokka bites you but does no damage.
The quokka closely misses you.
You slash the quokka!
You kill the quokka!
You hit the orc.
The orc is heavily wounded.
The orc hits you but does no damage.
You are electrocuted!
The orc hits you with a +2 short sword of electrocution.
You hit the orc.
You kill the orc!
The orc priest invokes the aid of Beogh against you.
Beogh smites you!
* * * LOW HITPOINT WARNING * * *
The orc hits you but does no damage.
You barely miss the orc.
The orc priest calls down the wrath of Beogh upon you.
Beogh smites you!
You die...

##.# #.# .. #.#
..# #.# .>. #.#
### # #.# ....
##..###.##.....
#.....oK.......
#.#..##o##.....
|... #@# ....
#.# #.# ... .
#.# ## ..# ..#
#..# #..# ..>#


You could see an orc priest, an orc and a kobold.

Vanquished Creatures
  4 adders
  4 worms
  A dart slug (D:2)
  2 orcs (D:3)
  7 endoplasms
  3 giant cockroaches
  6 hobgoblins
  4 quokkas
  5 ball pythons
  8 bats
  5 frilled lizards
  4 goblins
  9 kobolds
  4 rats
66 creatures vanquished.

Vanquished Creatures (others)
  4 fungi (D:1)
  A plant (D:1)
5 creatures vanquished.

Grand Total: 71 creatures vanquished

Notes
Turn   | Place    | Note
-------+----------+-------------------------------------------
     0 | D:1      | jlumianski the Demonspawn Gladiator began the quest for the
                  | Orb.
     0 | D:1      | Reached XP level 1. HP: 16/16 MP: 1/1
   158 | D:1      | Found a faded altar of an unknown god.
   252 | D:1      | Gained mutation: You are partially covered in molten
                  | scales. (AC +2) [demonic ancestry]
   252 | D:1      | Reached XP level 2. HP: 22/22 MP: 2/2
   987 | D:1      | Gained mutation: You are mostly covered in molten scales.
                  | (AC +3) [demonic ancestry]
   987 | D:1      | Reached XP level 3. HP: 27/27 MP: 3/3
  1000 | D:1      | Found Odiz's Jewellery Boutique.
  1754 | D:2      | Found a shadowy altar of Dithmenos.
  1997 | D:2      | Gained mutation: You have a pair of small antennae on your
                  | head. [demonic ancestry]
  1997 | D:2      | Reached XP level 4. HP: 24/34 MP: 4/4
  2106 | D:2      | Reached skill level 1 in Armour
  2197 | D:2      | Found Hewyffoy's Weapon Boutique.
  2197 | D:2      | Identified the +8 long sword "Remoecweth" {venom, Drain
                  | Will+ Dex+2}
  2641 | D:3      | Reached skill level 1 in Long Blades
  2748 | D:3      | Killed from afar by an orc priest

Illustrated notes

Levels and vault maps discovered:
D:1:      sevenhm_arrival_forest_fort_large_2, layout_basic,
          dreamdust_ecumenical_altar_grove, serial_shops, shop
D:2:      layout_basic, basic_altar, serial_shops, shop_fountains,
          ebering_dispersal_statue_hall
D:3:      layout_basic, nicolae_sif_muna_little_library

Skill      XL: |  1  2  3  4 |
---------------+-------------+-----
Axes           | 3 |  3.7
Dodging        | 3 |  3.1
Armour         | 1 |  1.2
Long Blades    | 1 |  1.1
Fighting       | |  2.8
Throwing       | |  1.8
Stealth        | |  0.4

Action                   |  1- 3 |  4- 6 || total
-------------------------+-------+-------++-------
Melee: War axe           |    22 |       ||    22
       Battleaxe         |   129 |    10 ||   139
       Long sword        |       |    41 ||    41
  Use: Scroll            |     2 |     3 ||     5
       Potion            |     1 |       ||     1
 Stab: Sleeping          |       |     1 ||     1
Armor: Leather armour    |    88 |    11 ||    99
       Skin              |    11 |       ||    11
       Chain mail        |       |     9 ||     9
Dodge: Dodged            |   128 |    27 ||   155

Table legend: (Time is in decaauts)
 A = Elapsed time spent in this place.
 B = Non-inter-level travel time spent in this place.
 C = Inter-level travel time spent in this place.
 D = Time resting spent in this place.
 E = Time spent auto-exploring this place.
 F = Levels seen in this place.
 G = Mean time per level.
                   A        B        C        D        E       F      G
               +--------+--------+--------+--------+--------+-----+--------+
         Total |   2849 |   2775 |     74 |    491 |   1302 |   3 |  949.7 |
       Dungeon |   2849 |   2775 |     74 |    491 |   1302 |   3 |  949.7 |
               +--------+--------+--------+--------+--------+-----+--------+

Top non-repeatable levels by time:
     D:1: 1778 daAuts
     D:2: 816 daAuts
     D:3: 254 daAuts
